Map: Emerald City LE

Players

Throwfordays

  • Race: Protoss Protoss
  • League: Silver
  • Spawn Location: 5:00

Faust

  • Race: Zerg Zerg
  • League: Diamond
  • Spawn Location: 5:00

CSIMIAMI - Winner!

  • Race: Protoss Protoss
  • Spawn Location: 11:00

gthx - Winner!

  • Race: Protoss Protoss
  • League: Diamond
  • Spawn Location: 11:00

VOD

Have the link to the VOD?

Description

Time

  • Played on: March 20, 2019, 9:06 p.m.
  • Length: 12:00
Show
View Real Time Build Order
Export as new Build Order

Throwfordays Protoss 

Build Orders: 1 Gate Expand 

Get SALT Encoding   

  1  0:00  Probe  
  12  0:05  Probe  
  14  0:15  Probe  
  15  0:24  Pylon  
  15  0:42  Probe  
  16  0:44  Gateway  
  16  0:54  Probe  
  17  1:15  Nexus  
  17  1:17  Pylon  
  17  1:29  Assimilator  
  17  1:33  Cybernetics Core  
  17  1:38  Zealot  
  19  1:46  Probe  
  20  1:54  Probe  
  20  1:58  Gateway  
  21  2:04  Probe  
  21  2:07  Warp Gate  
  22  2:09  Gateway  
  22  2:21  Forge  
  22  2:27  Probe  
  22  2:28  Assimilator  
  22  2:35  Probe  
  24  2:45  Probe  
  24  2:49  Probe  
  26  2:57  Probe  
  27  3:01  Probe  
  28  3:10  Probe  
  28  3:11  Gateway  
  29  3:14  Probe  
  29  3:18  Pylon  
  30  3:20  Protoss Ground Weapons Level 1  
  30  3:22  Probe  
  30  3:23  Zealot  
  30  3:26  Probe  
  30  3:27  Zealot  
  36  3:31  Zealot  
  38  3:38  Probe  
  39  3:42  Photon Cannon  
  39  3:53  Photon Cannon  
  39  4:00  Stalker  
  41  4:02  Stalker  
  41  4:07  Stalker  
  45  4:14  Probe  
  46  4:20  Photon Cannon  
  46  4:25  Photon Cannon  
  46  4:26  Probe  
  47  4:38  Twilight Council, Probe  
  48  4:50  Assimilator  
  48  4:51  Probe  
  48  4:53  Assimilator  
  48  4:59  Probe  
  49  5:04  Forge  
  50  5:09  Probe  
  50  5:10  Probe  
  50  5:11  Stalker  
  54  5:19  Pylon  
  54  5:21  Pylon  
  54  5:25  Pylon  
  54  5:33  Blink  
  54  5:37  Probe x2  
  54  5:38  Stalker x2  
  54  5:39  Stalker  
  54  5:40  Stalker  
  64  5:49  Probe x2  
  66  5:55  Protoss Ground Weapons Level 2  
  66  6:01  Protoss Ground Armor Level 1  
  66  6:34  Probe  
  67  6:56  Nexus  
  67  6:59  Assimilator  
  67  7:00  Stargate  
  67  7:02  Assimilator, Stargate  
  67  7:06  Pylon  
  67  7:13  Stalker  
  67  7:14  Stalker x2  
  67  7:15  Stalker  
  75  7:30  Charge  
  75  7:36  Photon Cannon  
  75  7:38  Photon Cannon  
  75  7:40  Photon Cannon, Probe  
  75  7:43  Photon Cannon, Stalker x2  
  80  7:44  Stalker x2  
  80  7:46  Pylon  
  84  7:52  Probe  
  85  8:04  Probe  
  85  8:05  Photon Cannon  
  86  8:08  Photon Cannon, Probe  
  86  8:10  Photon Cannon  
  87  8:13  Probe  
  88  8:20  Probe  
  88  8:25  Probe  
  90  8:28  Nexus  
  90  8:29  Probe  
  91  8:37  Probe x2  
  92  8:47  Probe  
  93  8:52  Stalker x4  
  102  8:59  Probe  
  103  9:02  Pylon  
  103  9:03  Pylon  
  103  9:06  Pylon  
  103  9:07  Pylon  
  103  9:10  Pylon  
  103  9:11  Probe  
  103  9:12  Pylon  
  103  9:15  Protoss Ground Armor Level 2  
  104  9:18  Pylon  
  104  9:20  Pylon  
  104  9:35  Void Ray x2  
  112  9:38  Protoss Air Weapons Level 1  
  112  9:43  Stargate  
  112  9:44  Stargate  
  112  9:48  Cybernetics Core  
  112  9:49  Probe  
  113  10:01  Probe  
  112  10:13  Probe  
  67  10:22  Void Ray x2  
  67  10:25  Probe  
  76  10:29  Void Ray x2  
  76  10:33  Fleet Beacon  
  84  10:35  Probe  
  84  10:36  Stargate  
  84  10:39  Probe  
  86  10:43  Probe  
  86  10:49  Stalker x2  
  91  10:51  Probe  
  91  10:52  Stalker, Probe  
  95  11:03  Probe x2  
  97  11:10  Void Ray x2  
  105  11:14  Void Ray  
  105  11:15  Probe  
  108  11:36  Stalker x2  
  108  11:37  Stalker x2  
Show
View Real Time Build Order
Export as new Build Order

Faust Zerg 

Build Orders: Pool First 

Get SALT Encoding   

  12  0:01  Drone  
  13  0:13  Drone  
  14  0:15  Extractor  
  14  0:16  Drone  
  15  0:22  Overlord  
  15  0:41  Drone x2  
  17  0:51  Spawning Pool  
  17  0:56  Drone  
  17  1:12  Hatchery  
  17  1:16  Extractor  
  17  1:17  Drone  
  16  1:20  Drone  
  17  1:38  Zergling x4  
  17  1:39  Queen  
  21  1:50  Overlord  
  21  1:56  Zergling x2  
  22  2:10  Drone  
  22  2:11  Drone  
  24  2:23  Queen  
  24  2:24  Metabolic Boost  
  24  2:26  Drone  
  24  2:27  Drone  
  27  2:46  Drone x3  
  29  2:52  Drone x2  
  29  2:57  Zergling x4  
  32  2:59  Spine Crawler  
  31  3:07  Baneling Nest, Drone  
  31  3:08  Drone  
  32  3:20  Zergling x8  
  36  3:35  Overlord x2  
  36  3:49  Spore Crawler, Hatchery  
  36  3:52  Spore Crawler  
  33  3:59  Drone x2  
  33  4:00  Drone  
  34  4:23  Drone  
  34  4:24  Drone x6  
  37  4:34  Drone  
  37  4:37  Drone x2  
  40  4:39  Zergling x2  
  40  4:40  Zergling x10  
  46  4:47  Overlord  
  46  5:06  Drone  
  48  5:07  Drone x5  
  48  5:08  Drone  
  48  5:09  Drone x3  
  56  5:14  Baneling  
  56  5:15  Baneling x11  
  56  5:19  Queen  
  58  5:22  Overlord  
  58  5:34  Overlord x2  
  58  5:40  Lair  
  58  5:45  Zergling x2, Evolution Chamber  
  58  5:46  Evolution Chamber  
  58  5:47  Overlord x2  
  57  6:02  Zergling x2  
  57  6:03  Zergling x20  
  58  6:21  Drone x3  
  58  6:24  Zergling x2  
  58  6:25  Zergling x10  
  67  6:26  Spore Crawler  
  67  6:31  Extractor  
  67  6:32  Drone x2  
  67  6:33  Extractor, Overlord  
  62  7:00  Zergling x2  
  65  7:01  Zergling x18  
  65  7:06  Queen  
  70  7:10  Extractor  
  70  7:11  Zerg Missile Weapons Level 1  
  70  7:12  Zerg Ground Armor Level 1  
  70  7:15  Infestation Pit  
  68  7:22  Drone x2  
  70  7:23  Drone x4  
  74  7:32  Extractor x2  
  72  7:37  Drone x3  
  72  7:39  Drone x2  
  72  7:40  Drone x4  
  72  7:41  Overlord  
  81  8:02  Hive  
  81  8:03  Burrow  
  82  8:05  Drone x2  
  82  8:06  Drone x6  
  82  8:07  Drone  
  82  8:08  Overlord x3  
  82  8:09  Overlord  
  82  8:11  Pneumatized Carapace  
  90  8:16  Drone  
  91  8:35  Drone  
  91  8:37  Drone  
  91  8:39  Spore Crawler  
  91  8:41  Spore Crawler  
  91  8:43  Spine Crawler  
  91  8:44  Spine Crawler  
  91  8:46  Hatchery  
  88  9:00  Zergling x16  
  88  9:01  Zergling x12  
  88  9:02  Baneling  
  102  9:03  Baneling x7  
  102  9:04  Baneling x6  
  102  9:05  Baneling x3  
  102  9:06  Baneling x2  
  102  9:11  Zerg Melee Weapons Level 1, Zerg Ground Armor Level 2  
  102  9:15  Hydralisk Den  
  101  9:17  Ultralisk Cavern  
  101  9:20  Drone x5  
  101  9:21  Drone  
  106  9:26  Drone x3  
  106  9:27  Drone x3  
  112  9:37  Centrifical Hooks  
  112  9:42  Drone x5  
  112  9:43  Drone, Overlord  
  112  9:44  Evolution Chamber  
  116  10:17  Hydralisk  
  116  10:18  Hydralisk x15  
  127  10:26  Hydralisk  
  118  10:34  Hydralisk  
  120  10:36  Zergling x6  
  120  10:37  Zergling x6  
  120  10:41  Spore Crawler  
  127  10:43  Spore Crawler  
  120  11:03  Hydralisk  
  120  11:04  Hydralisk x10  
  86  11:19  Hydralisk x3  
  73  11:37  Zergling x12  
Show
View Real Time Build Order
Export as new Build Order

CSIMIAMI Protoss - Winner!

Build Orders: Oracle Opening, Carriers 

Get SALT Encoding   

  12  0:10  Probe  
  13  0:16  Pylon  
  13  0:22  Probe  
  14  0:31  Assimilator  
  14  0:39  Gateway  
  14  0:40  Probe  
  15  0:48  Probe  
  15  0:56  Probe  
  16  1:02  Pylon  
  17  1:09  Probe  
  18  1:16  Assimilator  
  18  1:17  Probe  
  19  1:30  Cybernetics Core  
  21  1:32  Zealot  
  21  1:46  Probe  
  22  2:09  Stargate  
  22  2:10  Warp Gate  
  24  2:22  Zealot  
  24  2:42  Nexus  
  24  2:59  Pylon  
  24  3:01  Oracle  
  24  3:03  Probe  
  24  3:05  Stalker  
  29  3:12  Probe  
  31  3:26  Twilight Council  
  31  3:30  Probe  
  32  3:42  Void Ray  
  36  3:49  Probe  
  37  3:57  Probe  
  38  4:04  Charge  
  38  4:05  Probe  
  38  4:08  Probe  
  40  4:37  Void Ray, Probe  
  44  4:41  Probe  
  44  4:45  Assimilator, Probe  
  43  4:46  Assimilator  
  44  4:53  Probe  
  44  4:56  Probe  
  46  5:02  Probe  
  46  5:03  Gateway  
  46  5:06  Gateway  
  47  5:07  Probe  
  47  5:10  Probe  
  49  5:15  Probe  
  50  5:23  Stargate  
  50  5:28  Stargate  
  50  5:31  Protoss Air Weapons Level 1  
  50  5:39  Void Ray  
  54  6:02  Pylon  
  54  6:05  Pylon  
  54  6:07  Pylon  
  54  6:13  Void Ray  
  54  6:22  Oracle, Void Ray  
  54  6:24  Probe x2  
  61  6:32  Probe x2  
  65  6:44  Probe  
  65  6:45  Probe  
  67  6:56  Void Ray  
  71  7:05  Fleet Beacon  
  71  7:07  Void Ray  
  75  7:49  Void Ray  
  76  7:54  Protoss Air Weapons Level 2  
  76  8:00  Pylon x2  
  76  8:02  Pylon x2  
  76  8:03  Pylon  
  76  8:19  Carrier  
  82  8:25  Carrier  
  88  8:33  Zealot x3  
  93  8:51  Nexus  
  93  8:54  Anion Pulse-Crystals  
  93  8:56  Carrier  
  99  9:25  Assimilator  
  99  9:31  Carrier  
  105  9:32  Assimilator  
  105  9:37  Carrier  
  111  9:54  Cybernetics Core  
  111  9:55  Probe x2  
  113  10:07  Probe x2  
  107  10:19  Probe x2  
  107  10:20  Carrier  
  113  10:30  Probe  
  113  10:31  Probe  
  117  11:53  Nexus  
Show
View Real Time Build Order
Export as new Build Order

gthx Protoss - Winner!

Build Orders: Phoenix Opening, Archon Immortal 

Get SALT Encoding   

  1  0:00  Probe  
  12  0:05  Probe  
  14  0:18  Pylon  
  14  0:22  Probe  
  15  0:36  Probe  
  15  0:40  Gateway  
  16  0:46  Assimilator  
  16  0:49  Probe  
  17  0:58  Probe  
  18  1:06  Probe  
  19  1:21  Probe  
  20  1:29  Cybernetics Core  
  20  1:33  Zealot  
  22  1:41  Pylon  
  22  1:53  Warp Gate  
  22  1:56  Nexus  
  22  2:09  Zealot  
  24  2:16  Probe  
  25  2:25  Gateway  
  25  2:46  Probe  
  26  2:51  Assimilator  
  26  2:53  Pylon  
  26  2:57  Sentry  
  28  2:58  Probe  
  29  3:10  Probe  
  29  3:11  Stargate  
  30  3:17  Probe  
  31  3:22  Stalker, Probe  
  31  3:25  Zealot  
  36  3:29  Probe  
  36  3:32  Assimilator, Probe  
  36  3:33  Assimilator  
  37  3:38  Pylon  
  38  3:42  Probe  
  39  3:54  Probe  
  39  3:55  Phoenix  
  41  3:56  Probe  
  43  4:04  Probe  
  43  4:06  Stalker  
  43  4:08  Sentry, Probe  
  49  4:12  Probe  
  50  4:25  Phoenix  
  52  4:46  Probe  
  52  4:49  Zealot x2  
  52  4:50  Phoenix, Probe  
  60  4:54  Probe  
  60  4:57  Robotics Facility  
  61  5:02  Probe  
  62  5:10  Pylon  
  62  5:17  Gateway  
  62  5:18  Gateway  
  62  5:22  Pylon  
  62  5:27  Probe  
  63  5:34  Probe  
  63  5:35  Probe  
  63  5:36  Phoenix  
  63  5:37  Twilight Council  
  63  5:42  Probe  
  67  5:43  Probe  
  69  5:52  Zealot x2  
  69  5:55  Warp Prism  
  75  6:16  Phoenix  
  59  6:22  Probe  
  59  6:23  Stalker x4  
  68  6:33  Robotics Facility  
  68  6:36  Stargate  
  68  6:46  Zealot x2  
  72  6:48  Zealot  
  72  6:49  Charge  
  72  6:59  Zealot  
  74  7:08  Immortal  
  74  7:15  Probe  
  75  7:31  Nexus  
  75  7:33  Pylon  
  75  7:35  Pylon  
  75  7:43  Zealot x2  
  77  7:49  Immortal  
  75  7:57  Zealot x2  
  69  7:59  Immortal  
  77  8:08  Phoenix x2  
  77  8:11  Zealot x2  
  85  8:15  Probe  
  85  8:16  Probe  
  87  8:28  Probe  
  87  8:32  Zealot x3  
  94  8:39  Assimilator  
  94  8:40  Assimilator  
  94  8:43  Pylon x2, Warp Prism  
  94  8:44  Pylon  
  94  8:47  Zealot  
  98  8:55  Templar Archives  
  98  8:58  Probe  
  98  9:01  Probe x2  
  101  9:06  Probe  
  101  9:13  Probe  
  101  9:16  Immortal  
  107  9:17  Probe x2  
  109  9:25  Probe  
  109  9:26  Probe  
  109  9:27  Pylon x2  
  111  9:34  High Templar  
  111  9:35  High Templar x3  
  119  9:38  Archon  
  119  9:39  Archon  
  119  9:42  Immortal  
  123  9:51  Forge  
  123  9:55  Forge  
  123  10:20  Immortal x2  
  121  10:28  High Templar x4  
  125  10:34  Archon x2  
  137  10:36  Phoenix x2  
  137  10:39  Nexus  
  137  10:41  Pylon  
  141  10:44  Pylon  
  117  11:13  Zealot x4  
  115  11:29  Phoenix x2  
  127  11:46  High Templar x3  
  127  11:47  High Templar, Probe  
  129  11:48  Probe x2  
  129  11:51  Archon  
  129  11:52  Archon  
Tags
 
Add a new tag
Caveats
  • Supply blocks, unpowered buildings, or Contaminate may cause inaccurate times.
  • Supply counts are checked every 10 seconds.